 Dungeon Crawl Stone Soup version 0.24-a0-730-g011b83a (webtiles) character file.

Game seed: 8964150040231709392, levelgen mode: deterministic

9900 Deaus the Covert (level 11, -12/75 HPs)
             Began as a Vampire Conjurer on Oct 1, 2019.
             Was an Initiate of Vehumet.
             Mangled by a four-headed hydra (15 damage)
             ... on level 2 of the Lair of Beasts.
             The game lasted 00:54:10 (18966 turns).

Deaus the Covert (Vampire Conjurer)                Turns: 18966, Time: 00:54:11

Health: -12/75     AC:  5    Str:  6 (7)  XL:     11   Next: 29%
Magic:  12/18      EV: 15    Int: 21      God:    Vehumet [......]
Gold:   435        SH:  5    Dex: 15      Spells: 8/20 levels left

rFire    . . .     SeeInvis +   a - +4 dagger
rCold    . . .     Gourm    .   u - +0 buckler
rNeg     . . .     Faith    .   E - +2 leather armour {rPois}
rPois    +         Spirit   .   (no helmet)
rElec    .         Reflect  .   (no cloak)
rCorr    .         Harm     .   (no gloves)
MR       +....                  (no boots)
Stlth    ++++......             (no amulet)
HPRegen  0.42/turn              q - ring of wizardry
MPRegen  0.16/turn              h - ring of wizardry

@: regenerating quickly
A: no food, fangs 3, see invisible, unbreathing
a: Exsanguinate, Renounce Religion


You were on level 2 of the Lair of Beasts.
You worshipped Vehumet.
Vehumet was noncommittal.
You were alive.

You visited 3 branches of the dungeon, and saw 14 of its levels.
You also visited: Trove.

You collected 575 gold pieces.
You spent 140 gold pieces at shops.

Inventory:

Hand Weapons
 a - a +4 dagger (weapon)
Armour
 u - a +0 buckler (worn)
 C - the +0 buckler of the Shoals {*Corrode Str+9 Int-2 Dex+4}
   (You found it on level 8 of the Dungeon)

   It affects your strength (+9).
   It affects your intelligence (-2).
   It affects your dexterity (+4).
   It may corrode you when you take damage.
 E - a +2 leather armour of poison resistance (worn)
Magical Staves
 b - an uncursed staff of wizardry
Jewellery
 h - a ring of wizardry (right hand)
 n - an uncursed ring of flight
 p - an uncursed ring of positive energy
 q - a ring of wizardry (left hand)
Wands
 g - a wand of random effects (28)
 k - a wand of digging (6)
 r - a wand of disintegration (19)
 t - a wand of iceblast (28)
 z - a wand of paralysis (11)
Scrolls
 e - 4 scrolls of blinking
 f - 2 scrolls of teleportation
 i - 2 scrolls of identify
 l - 5 scrolls of remove curse
 o - 2 scrolls of fog
 s - a scroll of amnesia
 y - a scroll of acquirement
 B - a scroll of fear
 F - a scroll of silence
 G - a scroll of enchant weapon
 H - 3 scrolls of enchant armour
Potions
 c - a potion of flight
 d - a potion of haste
 j - 2 potions of might
 m - a potion of curing
 v - a potion of magic
 w - 2 potions of berserk rage
 x - a potion of lignification
 A - a potion of cancellation


   Skills:
 - Level 3.0 Fighting
 - Level 5.0 Short Blades
   Level 0.5 Axes
 - Level 3.0 Armour
 - Level 7.0 Dodging
 - Level 9.1 Stealth
 - Level 4.0 Shields
 - Level 5.1 Spellcasting
 - Level 8.0 Conjurations
 - Level 6.0 Hexes
 * Level 6.2 Ice Magic


You had 8 spell levels left.
You knew the following spells:

 Your Spells              Type           Power        Failure   Level  Hunger
a - Magic Dart            Conj           ####         1%          1    N/A
b - Dazzling Spray        Conj/Hex       ####..       1%          3    N/A
c - Iskenderun's Mystic   Conj           #####...     1%          4    N/A
d - Throw Icicle          Conj/Ice       #####...     2%          4    N/A

Your spell library contained the following spells:

 Spells                   Type           Power        Failure   Level  Hunger
 Throw Frost              Conj/Ice       #####.       1%          2    N/A
 Confusing Touch          Hex            ####..       1%          1    N/A
 Corona                   Hex            ####...      1%          1    N/A
 Freeze                   Ice            ####         1%          1    N/A
 Shock                    Conj/Air       ###.         1%          1    N/A
 Ensorcelled Hibernation  Hex/Ice        ####..       1%          2    N/A
 Searing Ray              Conj           #####.       1%          2    N/A
 Slow                     Hex            ####....     1%          2    N/A
 Confuse                  Hex            ####....     1%          3    N/A
 Static Discharge         Conj/Air       ###.....     2%          3    N/A
 Fulminant Prism          Conj/Hex       ####......   2%          4    N/A
 Ozocubu's Armour         Chrm/Ice       ###.....     3%          3    N/A
 Cause Fear               Hex            ####......   3%          4    N/A
 Apportation              Tloc           #.....       4%          1    N/A
 Infusion                 Chrm           #...         4%          1    N/A
 Inner Flame              Hex/Fire       ###.....     4%          3    N/A
 Portal Projectile        Hex/Tloc       ###...       4%          3    N/A
 Spectral Weapon          Hex/Chrm       ###.....     4%          3    N/A
 Summon Guardian Golem    Hex/Summ       ###.....     4%          3    N/A
 Blink                    Tloc           N/A          7%          2    N/A
 Corpse Rot               Necr           N/A          7%          2    N/A
 Shroud of Golubria       Chrm/Tloc      #.....       7%          2    N/A
 Song of Slaying          Chrm           #.......     7%          2    N/A
 Swiftness                Chrm/Air       #.......     7%          2    N/A
 Force Lance              Conj/Tloc      ###.....     9%          4    N/A
 Metabolic Englaciation   Hex/Ice        ####......   10%         5    N/A
 Summon Ice Beast         Ice/Summ       ###.....     12%         4    N/A
 Gell's Gravitas          Tloc           #.........   13%         3    N/A
 Lesser Beckoning         Tloc           #.........   13%         3    N/A
 Recall                   Summ/Tloc      N/A          13%         3    N/A
 Regeneration             Chrm/Necr      #.........   13%         3    N/A
 Leda's Liquefaction      Hex/Erth       ###.......   13%         4    N/A
 Iskenderun's Battlesphe  Conj/Chrm      ###.....     22%         5    N/A
 Lightning Bolt           Conj/Air       ###.......   22%         5    N/A
 Venom Bolt               Conj/Pois      ###.......   22%         5    N/A
 Silence                  Hex/Air        ###.......   32%         5    N/A
 Yara's Violent Unravell  Hex/Tmut       ###.......   32%         5    N/A
 Airstrike                Air            #.........   36%         4    N/A
 Petrify                  Tmut/Erth      #.......     36%         4    N/A
 Bolt of Magma            Conj/Fire/Erth ###.......   36%         5    N/A
 Iron Shot                Conj/Erth      ###.......   71%         6    N/A
 Orb of Destruction       Conj           #####.....   75%         7    N/A
 Deflect Missiles         Chrm/Air       #.........   99%         6    N/A
 Spellforged Servitor     Conj/Summ      ###.......   99%         7    N/A
 Malign Gateway           Summ/Tloc      #.........   100%        7    N/A
 Ring of Flames           Chrm/Fire      #.........   100%        7    N/A
 Controlled Blink         Tloc           N/A          100%        8    N/A
 Discord                  Hex            ####......   100%        8    N/A

Dungeon Overview and Level Annotations

Branches:
Dungeon (11/15)            Temple (1/1) D:6            Lair (2/6) D:10
    Orc (0/2) D:10
  Swamp: Lair:2-4    Shoals: Lair:2-4     Snake: Lair:2-4    Spider: Lair:2-4

Altars:
Ashenzari
Cheibriados
Dithmenos
Elyvilon
Fedhas
Gozag
Hepliaklqana
Kikubaaqudgha
Makhleb
Nemelex Xobeh
Okawaru
Qazlal
Ru
Sif Muna
Trog
Uskayaw
Vehumet
Wu Jian
Xom
Yredelemnul
Zin
The Shining One

Shops:
D:4 :*   D:9 %

Annotations:
D:6 Blork the orc, Eustachio


Innate Abilities, Weirdness & Mutations

You do not eat.
Your natural rate of healing is unusually fast.
You have razor-sharp teeth.
You have supernaturally acute eyesight. (SInv)
You can survive without breathing.


Message History

Aiming: Dazzling Spray (safe; 1% risk of failure)
Press: ? - help, Shift-Dir - straight line, f - four-headed hydra
Aim: a four-headed hydra The spray of energy hits the four-headed hydra!
The four-headed hydra is lightly wounded.
The four-headed hydra bites you! x2
* * * LOW HITPOINT WARNING * * *
The four-headed hydra closely misses you.
The four-headed hydra bites you.
* * * LOW HITPOINT WARNING * * *
Casting: Dazzling Spray (safe; 1% risk of failure)
Confirm with . or Enter, or press ? or * to list all spells.
Aiming: Dazzling Spray (safe; 1% risk of failure)
Press: ? - help, Shift-Dir - straight line, f/p - four-headed hydra
Aim: a four-headed hydra (lightly wounded)
The spray of energy misses the four-headed hydra.
The four-headed hydra bites you!
* * * LOW HITPOINT WARNING * * *
The four-headed hydra bites you!
You die...

############### #########
.............# ####.......#
.##.......##..###PP........#
..........P...##..........###
..........P...##............#
.............#.#............#
.............##..........####
#............##D#.........##
#≈...........###@..........#
#..........<.###...........###
.≈............##.............#
≈...........###............###
≈............##........P....#####
≈≈............#........#...#.##.#
#≈......##............P..........
........#.......................
.................................


You could see a four-headed hydra.

Vanquished Creatures
  Harold (Lair:2)
  A two-headed ogre (D:9)
  Pikel (D:6)
  3 black mambas
  A spiny frog (Lair:1)
  2 komodo dragons (D:10)
  A polar bear (Lair:2)
  Prince Ribbit (D:5)
  A hippogriff (D:8)
  3 yaks (D:9)
  A wyvern (D:10)
  A basilisk (D:10)
  A hungry ghost (D:8)
  A steam dragon (D:10)
  4 water moccasins
  Duvessa (D:6)
  2 porcupines
  3 black bears
  An orc warrior (D:9)
  2 ice beasts (D:6)
  4 slaves (D:6)
  A sky beast (D:8)
  3 phantoms
  2 ogres
  3 centaurs
  2 crocodiles
  A big kobold (D:7)
  10 bullfrogs
  A wyvern zombie (D:8)
  A water moccasin zombie (D:5)
  Dowan (D:6)
  4 scorpions
  2 water moccasin skeletons (D:6)
  4 wights
  3 howler monkeys
  3 jellies
  3 crimson imps (D:7)
  2 hounds
  A bullfrog zombie (D:10)
  2 bullfrog skeletons
  4 orc priests
  A centaur skeleton (D:4)
  3 iguanas
  9 orc wizards
  4 worker ants
  A killer bee zombie (D:6)
  2 hound skeletons
  A worker ant zombie (D:8)
  6 gnolls
  14 adders
  2 shadow imps
  2 oozes
  2 adder skeletons
  2 worms
  4 dart slugs
  8 leopard geckos
  22 orcs
  2 ball pythons
  10 bats
  6 giant cockroaches
  5 goblins
  5 hobgoblins
  3 jackals (D:1)
  A ball python skeleton (D:5)
  5 frilled lizards
  2 giant cockroach zombies (D:5)
  15 kobolds
  A leopard gecko zombie (D:8)
  5 rats
232 creatures vanquished.

Notes
Turn   | Place    | Note
-------+----------+-------------------------------------------
     0 | D:1      | Deaus the Vampire Conjurer began the quest for the Orb.
     0 | D:1      | Reached XP level 1. HP: 13/13 MP: 3/3
    84 | D:1      | Reached XP level 2. HP: 13/19 MP: 0/5
   857 | D:1      | Reached XP level 3. HP: 25/25 MP: 2/6
  1652 | D:2      | Learned a level 3 spell: Dazzling Spray
  1708 | D:2      | Reached XP level 4. HP: 26/31 MP: 2/8
  2189 | D:2      | Reached skill level 1 in Short Blades
  2314 | D:2      | Found a shimmering blue altar of Sif Muna.
  2553 | D:3      | Reached skill level 1 in Fighting
  2762 | D:3      | Reached XP level 5. HP: 33/37 MP: 0/9
  2967 | D:3      | Reached skill level 1 in Hexes
  3654 | D:4      | Found Reunaus's Assorted Antiques.
  3662 | D:4      | Bought a dented malachite amulet for 140 gold pieces
  3749 | D:4      | Found Waakeh's Book Emporium.
  3857 | D:4      | Reached skill level 4 in Stealth
  4040 | D:4      | Noticed a phantom
  4205 | D:4      | Killed a phantom
  4205 | D:4      | Reached XP level 6. HP: 43/43 MP: 1/10
  4311 | D:5      | Entered Level 5 of the Dungeon
  4543 | D:5      | Learned a level 4 spell: Iskenderun's Mystic Blast
  4922 | D:5      | Noticed Prince Ribbit
  5095 | D:5      | Found a basalt altar of Yredelemnul.
  5361 | D:6      | Reached XP level 7. HP: 41/49 MP: 3/11
  5436 | D:6      | Reached skill level 1 in Armour
  5602 | D:6      | Noticed Pikel
  5606 | D:6      | Got a dazzling hand axe
  5607 | D:6      | Identified the +7 hand axe "Leviticus" {chop, *Corrode
                  | Str+6} (You found it on level 6 of the Dungeon)
  5739 | D:6      | Reached skill level 5 in Stealth
  5743 | D:6      | Reached skill level 1 in Shields
  5756 | D:6      | Reached skill level 5 in Conjurations
  6042 | D:6      | Reached XP level 8. HP: 45/56 MP: 9/12
  6466 | D:6      | Noticed Blork the orc
  7037 | D:6      | Found a staircase to the Ecumenical Temple.
  7042 | Temple   | Entered the Ecumenical Temple
  7203 | Temple   | Became a worshipper of Vehumet
  7235 | D:6      | Noticed Duvessa
  7237 | D:6      | Noticed Dowan
  7445 | D:6      | Killed Duvessa
  7591 | D:6      | Killed Dowan
  7719 | D:6      | Found a burning altar of Makhleb.
  7882 | D:6      | Noticed Eustachio
  8746 | D:5      | Killed Prince Ribbit
  8746 | D:5      | Reached skill level 5 in Hexes
  8990 | D:6      | Killed Pikel
  8990 | D:6      | Reached skill level 6 in Stealth
  8990 | D:6      | Reached XP level 9. HP: 63/63 MP: 4/13
  9581 | D:7      | Reached skill level 5 in Dodging
  9984 | D:7      | Reached skill level 7 in Stealth
 10711 | D:7      | Found a shadowy altar of Dithmenos.
 10991 | D:8      | Reached * piety under Vehumet
 10991 | D:8      | Offered knowledge of Sandblast by Vehumet.
 11756 | D:8      | Got a faintly humming buckler
 11767 | D:8      | Identified the cursed +0 buckler of the Shoals {*Corrode
                  | Str+9 Int-2 Dex+4} (You found it on level 8 of the Dungeon)
 12034 | D:8      | Found a basalt altar of Yredelemnul.
 12405 | D:8      | Found a glowing golden altar of the Shining One.
 12760 | D:9      | Found an iron altar of Okawaru.
 12797 | D:9      | Reached XP level 10. HP: 66/70 MP: 3/15
 12937 | D:9      | Noticed a two-headed ogre
 12943 | D:9      | Killed a two-headed ogre
 13395 | D:9      | Found Kakk's Food Shoppe.
 13580 | D:9      | Offered knowledge of Throw Frost by Vehumet.
 13588 | D:9      | Reached ** piety under Vehumet
 13588 | D:9      | Reached skill level 5 in Short Blades
 13898 | D:10     | Entered Level 10 of the Dungeon
 13927 | D:10     | Reached skill level 8 in Stealth
 14239 | D:10     | Learned a level 4 spell: Throw Icicle
 15003 | D:10     | Found a portal to a secret trove of treasure.
 15180 | Trove    | Entered a treasure trove
 15193 | Trove    | Identified Sif Muna's Foundations of Magic
 15208 | Trove    | Identified the Catalogue of Translocation
 15214 | Trove    | Identified the Compendium of Igneous Orientation
 15241 | Trove    | Identified the Guide on Execration and Aid
 15320 | D:10     | Found a staircase to the Orcish Mines.
 15567 | D:10     | Reached skill level 1 in Ice Magic
 16237 | D:10     | Found a staircase to the Lair.
 16565 | D:11     | Noticed a two-headed ogre
 16565 | D:11     | Noticed a cyclops
 16858 | D:10     | Reached skill level 5 in Spellcasting
 16993 | Lair:1   | Entered Level 1 of the Lair of Beasts
 17029 | Lair:1   | Noticed a black mamba
 17041 | Lair:1   | Killed a black mamba
 17041 | Lair:1   | Reached skill level 9 in Stealth
 17099 | Lair:1   | Noticed a four-headed hydra
 17099 | Lair:1   | Noticed a black mamba
 17185 | Lair:1   | Noticed an eight-headed hydra
 17254 | Lair:1   | Killed a black mamba
 17254 | Lair:1   | Reached XP level 11. HP: 75/75 MP: 2/18
 17662 | Lair:1   | Noticed a seven-headed hydra
 18274 | Lair:2   | Identified a scroll of acquirement
 18334 | Lair:2   | Reached skill level 5 in Ice Magic
 18459 | Lair:2   | Noticed Harold
 18550 | Lair:2   | Killed Harold
 18830 | Lair:2   | Noticed a five-headed hydra
 18966 | Lair:2   | HP: 3/75 [four-headed hydra (13)]
 18966 | Lair:2   | Mangled by a four-headed hydra

Levels and vault maps discovered:
D:1:      dpeg_arrival_short_road, layout_rooms
D:2:      layout_basic, old_standard_altar, serial_bayou_pond_d
D:3:      layout_rooms, first_ration
D:4:      layout_cave_pools, serial_shops, shop_statue,
          nicolae_shop_overgrown_old_shop, minmay_misc_feat_diagonals
D:5:      minmay_skewed_foursquare, layout_cave_pools, basic_altar,
          uniq_prince_ribbit1
D:6:      layout_basic, kennysheep_mini, minmay_temple_entry_statues_pillars,
          uniq_eustachio, uniq_duvessa, uniq_pikel, uniq_blork_the_orc
D:7:      layout_gridville, lemuel_crystal_altar
D:8:      layout_basic, marbit_many_paths, tso_altar
D:9:      layout_small_grid, overflow_temple_1_default, serial_shops, shop
D:10:     layout_small_grid, erik_lair_dragon, orc_0_dummy, enter_trove_1
D:11:     layout_roguey, the_bakery, kennysheep_small_square
Temple:   eino_temple_scatter_basement
Lair:1:   layout_cave_pods, chequers_serial_rivers_micro_d
Lair:2:   layout_hall_layers, elwin_shoals_entry_rocks, uniq_harold

Skill      XL: |  1  2  3  4  5  6  7  8  9 10 11 |
---------------+----------------------------------+-----
Conjurations   | 3 4 5 6 7 8 |  8.0
Short Blades   | 1 2 3 4 5 |  5.0
Spellcasting   | 3 5 |  5.1
Fighting       | 1 2 3 |  3.0
Hexes          | 1 2 3 5 6 |  6.0
Stealth        | 4 5 6 7 9 |  9.1
Dodging        | 3 4 5 7 |  7.0
Armour         | 2 3 |  3.0
Shields        | 1 2 3 4 |  4.0
Ice Magic      | 3 6 |  6.2
Axes           | |  0.5

Action                   |  1- 3 |  4- 6 |  7- 9 | 10-12 || total
-------------------------+-------+-------+-------+-------++-------
Melee: Unarmed           |    40 |       |       |       ||    40
       Bite              |     2 |       |    17 |    13 ||    32
       Short sword       |    18 |    37 |       |       ||    55
       Hand axe          |       |       |    49 |       ||    49
       Dagger            |       |       |   197 |   167 ||   364
 Cast: Magic Dart        |    98 |   191 |   133 |    53 ||   475
       Dazzling Spray    |       |     8 |    83 |   125 ||   216
       Iskenderun's Myst |       |       |    32 |    21 ||    53
       Throw Icicle      |       |       |       |    15 ||    15
 Abil: Exsanguinate      |       |       |     1 |       ||     1
       Revivify          |       |       |     1 |       ||     1
Evoke: Wand              |       |       |       |     1 ||     1
  Use: Potion            |       |     1 |     1 |     4 ||     6
       Scroll            |       |       |     8 |    10 ||    18
 Stab: Invisible         |       |     2 |    12 |    22 ||    36
       Sleeping          |       |       |     2 |     1 ||     3
Armor: Robe              |    11 |     3 |       |       ||    14
       Leather armour    |       |     5 |    25 |    16 ||    46
Dodge: Dodged            |    58 |    45 |   149 |   117 ||   369
Block: Buckler           |       |     3 |    39 |    38 ||    80

Table legend:
 A = Non-vault XP
 B = Vault XP
 C = Vault XP percentage of total XP
 D = Non-vault monster count
 E = Vault monster count
 F = Vault count percentage of total count
                 A         B        C        D         E       F
            +---------+---------+-------+---------+---------+-------
      Total |   10295 |    3849 |  27.2 |     212 |      16 |   7.0
            +---------+---------+-------+---------+---------+-------
        D:1 |      52 |       0 |   0.0 |      25 |       0 |   0.0
        D:2 |     129 |       0 |   0.0 |      24 |       0 |   0.0
        D:3 |      73 |       0 |   0.0 |      24 |       0 |   0.0
        D:4 |     163 |       0 |   0.0 |       3 |       0 |   0.0
        D:5 |     341 |     374 |  52.3 |      11 |       4 |  26.7
        D:6 |    1436 |     845 |  37.0 |      27 |       3 |  10.0
        D:7 |    1003 |       0 |   0.0 |      27 |       0 |   0.0
        D:8 |     853 |     243 |  22.2 |      18 |       1 |   5.3
        D:9 |    2285 |       0 |   0.0 |      21 |       0 |   0.0
       D:10 |     866 |    1434 |  62.3 |      16 |       6 |  27.3
       D:11 |      88 |       3 |   3.3 |       3 |       1 |  25.0
     Lair:1 |    1796 |       0 |   0.0 |       7 |       0 |   0.0
     Lair:2 |    1210 |     950 |  44.0 |       6 |       1 |  14.3
            +---------+---------+-------+---------+---------+-------
